 Dungeon Crawl Stone Soup version 0.26-a0-812-g31a745ddcd (webtiles) character file.

Game seed: 4583063281262473777

42 loralnil the Insei (level 3, -1/23 HPs)
             Began as an Octopode Transmuter on Dec 1, 2020.
             Slain by an adder (2 damage)
             ... on level 2 of the Dungeon.
             The game lasted 00:01:25 (990 turns).

loralnil the Insei (Octopode Transmuter)             Turns: 990, Time: 00:01:26

Health: -1/23      AC:  1    Str:  7 (9)  XL:     3   Next: 54%
Magic:  5/6        EV: 13    Int: 15 (16) God:
Gold:   41         SH:  0    Dex:  9 (12) Spells: 0/6 levels left

rFire    . . .     SeeInvis .     - Unarmed
rCold    . . .     Faith    .   (no shield)
rNeg     . . .     Spirit   .   (helmet currently unavailable)
rPois    .         Reflect  .   (no amulet)
rElec    .         Harm     .   (no ring)
rCorr    .         Rampage  .   (no ring)
MR       .....                  (no ring)
Stlth    ++........             (no ring)
HPRegen  0.07/turn              (no ring)
MPRegen  0.10/turn              (no ring)
                                (no ring)
                                (no ring)

@: lethally poisoned (-1 -> -6), appendages
A: almost no armour, stealthy swim, amphibious, 8 rings, constrict 8, tentacle
spike 3, camouflage 1, gelatinous body 1
a: End Transformation


You were on level 2 of the Dungeon.
One of your tentacles had a temporary spike.
You visited 1 branch of the dungeon, and saw 2 of its levels.

You collected 41 gold pieces.

Inventory:

Scrolls
 c - a scroll of teleportation {unknown}
 d - a scroll of identify {unknown}
 e - a scroll of magic mapping {unknown}
Potions
 b - a potion of mutation {unknown}
 f - a potion of attraction {unknown}


   Skills:
 + Level 1.6 Fighting
 + Level 2.3 Dodging
 + Level 3.3 Unarmed Combat
 + Level 2.3 Spellcasting
 + Level 2.4 Transmutations


You couldn't memorise any spells.
You knew the following spells:

 Your Spells              Type           Power        Failure   Level
a - Beastly Appendage     Tmut           #.....       8%          1
b - Wereblood             Tmut           #.......     12%         2
c - Spider Form           Tmut/Pois      #.........   36%         3

Your spell library contained the following spells:

 Spells                   Type           Power        Failure   Level
 Ice Form                 Ice/Tmut       #.......     78%         4
 Blade Hands              Tmut           #.........   91%         5


Dungeon Overview and Level Annotations

Branches:
Dungeon (2/15)

Altars:
Elyvilon


Innate Abilities, Weirdness & Mutations

You cannot wear most types of armour.
You are very stealthy in the water. (Stealth+)
You are amphibious.
You can wear up to eight rings at the same time.
You can use your tentacles to constrict eight enemies at once.
Your skin changes colour to match your surroundings (Stealth+).
Your rubbery body absorbs attacks. (AC +1, EV +1)
One of your tentacles bears a large vicious spike.


Message History

You feel sick. The adder bites you.
* * * LOW HITPOINT WARNING * * *
Casting: Beastly Appendage (safe; 8% risk of failure)
Confirm with . or Enter, or press ? or * to list all spells.
One of your tentacles grows a vicious spike.
The adder barely misses you. The adder closely misses you.
You closely miss the adder. Your grab misses the adder.
Your tentacle spike misses the adder.
* * * LOW HITPOINT WARNING * * *
You feel sick. The adder closely misses you.
You tentacle-slap the adder but do no damage.
Your grab misses the adder. The adder barely misses you.
It was a potion of degeneration.
There was something very wrong with that liquid.
You feel weakened.
You feel dopey.
You feel clumsy.
* * * LOW HITPOINT WARNING * * *
You feel sick. The adder bites you.
* * * LOW HITPOINT WARNING * * *
The adder bites you.
You die...

#.#... #.##). #..##.
#### ### ##.###
..#######.####.###
#.#.......).......
####.#.##....####.##.
#.........##.# #.##.
#.##@#.#####># #....
#.##.##S#.#####.#
####.
#.....lg#.......# #.
.....#...w#########
#. ### #....# #.
........ #####.
#......... #.....
#........## #.##..
#..#....## #.#...


You could see an adder, a dart slug, a leopard gecko and a hobgoblin.

Vanquished Creatures
  2 oozes (D:1)
  A dart slug (D:1)
  A ball python (D:1)
  5 bats
  2 giant cockroaches (D:1)
  2 goblins (D:1)
  5 hobgoblins
  4 jackals (D:1)
  2 kobolds
  A leopard gecko skeleton (D:2)
  A rat (D:1)
26 creatures vanquished.

Vanquished Creatures (others)
  A bat (D:2)
1 creature vanquished.

Grand Total: 27 creatures vanquished

Notes
Turn   | Place    | Note
-------+----------+-------------------------------------------
     0 | D:1      | loralnil the Octopode Transmuter began the quest for the
                  | Orb.
     0 | D:1      | Reached XP level 1. HP: 13/13 MP: 3/3
    65 | D:1      | Reached XP level 2. HP: 17/18 MP: 3/5
   500 | D:1      | Reached XP level 3. HP: 21/23 MP: 6/6
   504 | D:1      | Learned a level 2 spell: Wereblood
   508 | D:1      | Learned a level 3 spell: Spider Form
   829 | D:2      | Found a white marble altar of Elyvilon.
   990 | D:2      | HP: 1/23 [adder (3)]
   990 | D:2      | Slain by an adder

Illustrated notes

Levels and vault maps discovered:
D:1:      grunt_arrival_lava_bath, layout_rooms
D:2:      layout_loops_cross, lemuel_round_altar, uniq_crazy_yiuf_cottage

Action                   || total
-------------------------++-------
Melee: Unarmed           ||    72
       Kick              ||    17
       Constrict         ||    21
       Tentacles         ||     8
       Punch             ||     1
 Cast: Beastly Appendage ||    17
  Use: Potion            ||     1
 Stab: Sleeping          ||     2
Armor: Skin              ||    13
Dodge: Dodged            ||    50

Table legend: (Time is in decaauts)
 A = Elapsed time spent in this place.
 B = Non-inter-level travel time spent in this place.
 C = Inter-level travel time spent in this place.
 D = Time resting spent in this place.
 E = Time spent auto-exploring this place.
 F = Levels seen in this place.
 G = Mean time per level.
                   A        B        C        D        E       F      G
               +--------+--------+--------+--------+--------+-----+--------+
         Total |    984 |    970 |     14 |      0 |    780 |   2 |  492.0 |
       Dungeon |    984 |    970 |     14 |      0 |    780 |   2 |  492.0 |
               +--------+--------+--------+--------+--------+-----+--------+

Top non-repeatable levels by time:
     D:1: 801 daAuts
     D:2: 183 daAuts
